 Dungeon Crawl Stone Soup version 0.32-a0-136-gc02482bde3 (webtiles) character file.

Game seed: 12309311269977021568

4814 pokeman the Thaumaturge (level 10, -1/53 HPs)
             Began as a Deep Elf Hedge Wizard on Feb 11, 2024.
             Was an Initiate of Vehumet.
             Slain by a troll (10 damage)
             ... on level 9 of the Dungeon.
             The game lasted 00:19:47 (10252 turns).

pokeman the Thaumaturge (Deep Elf Hedge Wizard)    Turns: 10252, Time: 00:19:48

Health: -1/53      AC:  6    Str:  7    XL:     10   Next: 24%
Magic:  18/29      EV: 13    Int: 24    God:    Vehumet [......]
Gold:   426        SH:  0    Dex: 14    Spells: 23/35 levels left

rFire   . . .        K - +1 demon whip (venom)
rCold   . . .        (no shield)
rNeg    + + .        C - +2 robe {rN+}
rPois   .            c - +0 hat
rElec   .            J - +0 cloak
rCorr   .            B - +0 pair of gloves
SInv    +            (no boots)
Will    +....        (no amulet)
Stlth   ++           w - ring of see invisible
HPRegen 0.28/turn    G - ring of positive energy
MPRegen 0.21/turn

%: no passive effects
@: no status effects
A: no striking features
a: Renounce Religion


You were on level 9 of the Dungeon.
You worshipped Vehumet.
Vehumet was noncommittal.
You visited 2 branches of the dungeon, and saw 10 of its levels.
You also visited: Ossuary.

You collected 530 gold pieces.
You spent 104 gold pieces at shops.

Inventory:

Hand Weapons
 K - a +1 demon whip of venom (weapon)
Armour
 c - a +0 hat (worn)
 n - a +0 buckler
 B - a +0 pair of gloves (worn)
 C - a +2 robe of positive energy (worn)
 J - a +0 cloak (worn)
Jewellery
 f - a ring of resist corrosion
 w - a ring of see invisible (left hand)
 G - a ring of positive energy (right hand)
Wands
 m - a wand of iceblast (2)
 E - a wand of digging (5)
Scrolls
 a - 2 scrolls of enchant weapon {unknown}
 e - 3 scrolls of amnesia {unknown}
 g - 7 scrolls of teleportation {unknown}
 h - 3 scrolls of fog {unknown}
 k - a scroll of brand weapon {unknown}
 l - 6 scrolls of identify
 o - 6 scrolls of revelation
 r - a scroll of silence {unknown}
 s - 2 scrolls of butterflies {unknown}
 t - 2 scrolls of blinking {unknown}
 x - a scroll of immolation {unknown}
 y - a scroll of torment {unknown}
 z - 4 scrolls of fear {unknown}
 D - a scroll of enchant armour {unknown}
Potions
 b - 3 potions of mutation {unknown}
 d - 2 potions of magic
 i - a potion of might {unknown}
 j - a potion of berserk rage {unknown}
 p - a potion of cancellation {unknown}
 q - a potion of invisibility {unknown}
 u - 4 potions of haste {unknown}
 v - 7 potions of curing {unknown}
 A - 4 potions of degeneration {unknown}
 F - 3 potions of lignification {unknown}
 H - a potion of brilliance {unknown}
 I - 2 potions of attraction {unknown}
 L - a potion of enlightenment {unknown}


   Skills:
 + Level 2.1 Fighting
 - Level 3.3 Armour
 - Level 3.0 Dodging
 - Level 3.1 Stealth
 - Level 3.1 Shields
 * Level 13.1 Spellcasting
 + Level 7.4 Conjurations
 - Level 1.1 Summonings
 - Level 1.1 Translocations
 + Level 6.8 Air Magic
 - Level 1.0 Alchemy
 - Level 1.0 Evocations


You had 23 spell levels left.
You knew the following spells:

 Your Spells              Type           Power      Damage    Failure   Level
a - Magic Dart            Conj           100%       1d8       1%          1
b - Mephitic Cloud        Conj/Alch/Air  40%        N/A       1%          3
c - Call Imp              Summ           42%        N/A       3%          2
d - Blink                 Tloc           42%        N/A       3%          2
e - Airstrike             Air            24%        2d(4-20)  2%          4

Your spell library contained the following spells:

 Spells                   Type           Power      Damage    Failure   Level
 Shock                    Conj/Air       100%       1d9       1%          1
 Cigotuvi's Dreadful Rot  Necr/Alch/Air  56%        N/A       1%          2
 Searing Ray              Conj           100%       2d8       1%          2
 Swiftness                Air            48%        N/A       1%          3
 Summon Small Mammal      Summ           84%        N/A       2%          1
 Slow                     Hex            60%        N/A       3%          1
 Fulminant Prism          Conj/Alch      18%        3d10      7%          4
 Call Canine Familiar     Summ           21%        N/A       8%          3
 Frozen Ramparts          Ice            30%        1d5       12%         3
 Ozocubu's Armour         Ice            15%        N/A       12%         3
 Leda's Liquefaction      Alch/Erth      9%         N/A       30%         4
 Petrify                  Alch/Erth      18%        N/A       30%         4
 Summon Blazeheart Golem  Fire/Summ      18%        N/A       30%         4
 Metabolic Englaciation   Hex/Ice        7%         N/A       71%         5
 Sculpt Simulacrum        Ice/Alch       9%         N/A       99%         6


Dungeon Overview and Level Annotations

Branches:
Dungeon (9/15)             Temple (1/1) D:6         Ossuary (visited)
   Lair: D:8-11         Orc: D:9-12

Altars:
Ashenzari
Cheibriados
Dithmenos
Elyvilon
Fedhas
Gozag
Hepliaklqana
Kikubaaqudgha
Makhleb
Nemelex Xobeh
Okawaru
Qazlal
Ru
Sif Muna
Trog
Uskayaw
Vehumet
Wu Jian
Xom
Yredelemnul
Zin
The Shining One

Shops:
D:2 (   D:4 =   D:6 *   D:8 *

Annotations:
D:8 Gastronok


Message History

t - Shout!
Orders for allies: a - Attack new target. r - Retreat! s - Stop attacking. g - Guard the area. f - Follow me.
Anything else - Cancel.
Gang up on whom?
Press: ? - help, Dir - move target, f - troll
Aim: a troll (moderately wounded, confused, very poisoned) Attack!
Unknown command.
Casting: Call Imp (safe; 3% risk of failure)
Confirm with . or Enter, or press ? or * to list all spells.
Aiming: Mephitic Cloud (safe; 1% risk of failure)
Press: ? - help, Shift-Dir - straight line, f/p - troll
Aim: a troll (moderately wounded, very poisoned, ally target, chance to affect: 67%)
The ball explodes into a vile cloud!
The stinking cloud engulfs your cerulean imp.
The stinking cloud engulfs the troll.
The troll is moderately wounded.
You are no longer corroded.
You hear a loud, deep croak!
Your cerulean imp closely misses the troll.
The troll is engulfed in noxious fumes.
The troll bites your cerulean imp!
Your cerulean imp dies!
Your cerulean imp disappears in a puff of smoke!
Unknown command.
Unknown command.
The troll is engulfed in noxious fumes.
The troll appears confused.
The troll is engulfed in noxious fumes.
A bullfrog comes into view.
The troll is engulfed in noxious fumes.
The troll is engulfed in noxious fumes.
The troll appears confused.
The troll is engulfed in noxious fumes.
You hit the troll.
The troll looks as sick as possible!
The troll is moderately wounded.
The troll is engulfed in noxious fumes.
The troll appears confused.
The troll bites you!
* * * LOW HITPOINT WARNING * * *
The troll closely misses you. The troll claws you!
You die...

# #. #.# ..# #... #.# ....
#. #.# #... #. #.#######
..## #. ##§T@...# ... #.
##.#####.# #.# .
#.###..#####.###.####### #
#.......#..............###
#.#.###...##.###.####.....
#.###.####.# #.####..#.#
#.###^.. ..# #.##......#
....#..#.#### #.##.#..###
#.#?.#.:#.# #.##.#.....


You could see a troll (confused, extremely poisoned).

Vanquished Creatures
  Amaemon (D:8)
  An orange demon (D:8)
  A hornet (D:6)
  A wyvern (D:7)
  Grum (D:8)
  An acid dragon (D:9)
  A water moccasin (D:6)
  3 orc warriors (D:5)
  4 ice beasts
  2 sky beasts
  2 wolves (D:8)
  Blork the orc (D:5)
  A kobold brigand (D:9)
  3 bullfrogs (D:7)
  A weeping skull (Ossuary)
  5 wights (D:8)
  5 water moccasin zombies (Ossuary)
  4 killer bees (D:8)
  2 howler monkeys (D:9)
  2 bombardier beetles
  6 orc priests
  4 hounds
  2 jellies
  A spectral scorpion (Ossuary)
  A sleepcap (D:5)
  3 iguanas
  3 orc wizards
  2 crocodile zombies (Ossuary)
  2 mummies (Ossuary)
  8 adders
  11 gnolls
  2 shadow imps (D:6)
  2 white imps (D:7)
  4 ufetubi
  An adder zombie (Ossuary)
  3 dart slugs
  2 ribbon worms
  24 orcs
  2 bats
  6 endoplasms
  2 giant cockroaches (D:3)
  8 gnoll zombies (Ossuary)
  7 goblins
  7 hobgoblins
  6 jackals
  2 kobolds (D:2)
  A quokka (D:5)
  5 ball pythons
  2 frilled lizards (D:3)
  2 jackal zombies (Ossuary)
  6 orc zombies (Ossuary)
  5 rats
184 creatures vanquished.

Vanquished Creatures (collateral kills)
  A gnoll sergeant (D:5)
  A hound (D:5)
2 creatures vanquished.

Grand Total: 186 creatures vanquished

Notes
Turn   | Place    | Note
-------+----------+-------------------------------------------
     0 | D:1      | pokeman the Deep Elf Hedge Wizard began the quest for the
                  | Orb.
     0 | D:1      | Reached XP level 1. HP: 10/10 MP: 7/7
   515 | D:1      | Reached XP level 2. HP: 16/16 MP: 3/9
  1420 | D:2      | Reached skill level 5 in Spellcasting
  1476 | D:2      | Reached XP level 3. HP: 20/20 MP: 5/11
  1485 | D:2      | Learned a level 3 spell: Mephitic Cloud
  1488 | D:2      | Learned a level 2 spell: Call Imp
  1491 | D:2      | Learned a level 2 spell: Blink
  1502 | D:2      | Reached skill level 1 in Fighting
  1502 | D:2      | Reached skill level 1 in Armour
  1788 | D:2      | Reached XP level 4. HP: 25/25 MP: 8/13
  2193 | D:2      | Found a bloodstained altar of Trog.
  2224 | D:2      | Found Asib Ytau's Weapon Emporium.
  2490 | D:3      | Reached skill level 6 in Spellcasting
  2494 | D:3      | Reached XP level 5. HP: 27/29 MP: 7/15
  3462 | D:4      | Found Bucargh's Jewellery Emporium.
  3510 | D:4      | Reached skill level 1 in Air Magic
  3510 | D:4      | Reached skill level 1 in Alchemy
  3510 | D:4      | Reached skill level 1 in Evocations
  4054 | D:5      | Entered Level 5 of the Dungeon
  4099 | D:5      | Reached XP level 6. HP: 34/34 MP: 10/17
  4274 | D:5      | Reached skill level 7 in Spellcasting
  4602 | D:5      | Reached skill level 1 in Shields
  4712 | D:5      | Noticed an ice beast
  4796 | D:5      | Found a blossoming altar of Fedhas.
  4958 | D:5      | Learned a level 4 spell: Airstrike
  4975 | D:5      | Killed an ice beast
  4976 | D:5      | Reached XP level 7. HP: 28/38 MP: 12/20
  5100 | D:5      | Noticed Blork the orc
  5143 | D:5      | Reached skill level 8 in Spellcasting
  5171 | D:5      | Killed Blork the orc
  5407 | D:5      | Reached XP level 8. HP: 43/43 MP: 9/22
  5619 | D:6      | Reached skill level 9 in Spellcasting
  5882 | D:6      | Reached skill level 5 in Conjurations
  5926 | D:6      | Found a staircase to the Ecumenical Temple.
  5933 | Temple   | Entered the Ecumenical Temple
  6182 | D:6      | Found Vaten's General Store.
  6185 | D:6      | Noticed a hornet
  6189 | D:6      | Killed a hornet
  6190 | D:6      | Reached skill level 10 in Spellcasting
  6274 | D:6      | Bought a scroll of identify for 22 gold pieces
  6274 | D:6      | Bought a scroll of revelation for 82 gold pieces
  6790 | D:7      | Reached XP level 9. HP: 40/47 MP: 3/25
  6841 | D:7      | Reached skill level 5 in Air Magic
  6846 | D:7      | Found a sand-covered staircase.
  6851 | Ossuary  | Entered an ossuary
  7368 | Ossuary  | Reached skill level 11 in Spellcasting
  8570 | D:8      | Found a shimmering blue altar of Sif Muna.
  8714 | D:8      | Noticed Amaemon
  8714 | D:8      | Noticed an orange demon
  8724 | D:8      | Killed Amaemon
  8725 | D:8      | Reached skill level 12 in Spellcasting
  8735 | D:8      | Killed an orange demon
  8894 | D:8      | Noticed Gastronok
  9261 | D:8      | Found Cyeh's Neck Hole.
  9533 | D:8      | Reached XP level 10. HP: 52/52 MP: 23/28
  9716 | D:8      | Noticed Grum
  9730 | D:8      | Killed Grum
 10020 | D:9      | Found an opulent altar of Gozag.
 10021 | D:9      | Found a sparkling altar of Nemelex Xobeh.
 10083 | D:9      | Found a radiant altar of Vehumet.
 10086 | D:9      | Became a worshipper of Vehumet
 10099 | D:9      | Reached skill level 13 in Spellcasting
 10223 | D:9      | Found a broken altar of Ashenzari.
 10252 | D:9      | Slain by a troll

Illustrated notes

Levels and vault maps discovered:
D:1:      nzn_arrival_depleted_hourglass, layout_basic,
          dreamdust_princess_bridge
D:2:      layout_basic, basic_altar, serial_shops,
          nicolae_shop_bloodbath_and_beyond
D:3:      layout_rooms
D:4:      layout_loops_ring, serial_shops, nicolae_shop_gaudy_bauble,
          minmay_misc_feat_diagonals
D:5:      layout_basic, lemuel_crystal_altar, sword_in_stone
D:6:      layout_layer_cave, minmay_temple_entry_junction_2, serial_shops, shop
D:7:      layout_basic, enter_ossuary_2
D:8:      layout_basic, nicolae_sif_muna_condensation,
          nicolae_shop_sticking_my_neck_out, uniq_grum, uniq_gastronok,
          uniq_amaemon
D:9:      layout_loops_cross, cheibrodos_ashenzari_chains,
          gammafunk_temple_overflow_forgotten, kennysheep_dice
Temple:   kb_temple_of_zot

Skill      XL: |  1  2  3  4  5  6  7  8  9 10 |
---------------+-------------------------------+-----
Spellcasting   | 5 6 7 8 10 12 13 | 13.1
Fighting       | 1 2 |  2.1
Armour         | 1 3 |  3.3
Conjurations   | 2 3 4 5 7 |  7.4
Stealth        | 3 |  3.1
Dodging        | 3 |  3.0
Air Magic      | 1 2 3 4 6 |  6.8
Alchemy        | 1 |  1.0
Evocations     | 1 |  1.0
Shields        | 1 2 3 |  3.1
Summonings     | |  1.1
Translocations | |  1.1

Action                     |  1- 3 |  4- 6 |  7- 9 | 10-12 || total
---------------------------+-------+-------+-------+-------++-------
  Melee: Mace              |     1 |    54 |   161 |       ||   216
         Punch             |       |     7 |    12 |     3 ||    22
         Demon whip        |       |       |       |    25 ||    25
   Cast: Magic Dart        |    69 |   122 |    93 |     4 ||   288
         Mephitic Cloud    |       |    10 |    14 |     6 ||    30
         Call Imp          |       |     3 |     8 |     1 ||    12
         Blink             |       |     2 |     3 |       ||     5
         Airstrike         |       |       |    65 |    13 ||    78
  Evoke: Wand              |       |       |     2 |       ||     2
   Stab: Confused          |       |     3 |     4 |     2 ||     9
         Sleeping          |       |       |     1 |       ||     1
 Armour: Robe              |     6 |    43 |   119 |    14 ||   182
  Dodge: Dodged            |     6 |    44 |   143 |    14 ||   207

Table legend: (Time is in decaauts)
 A = Elapsed time spent in this place.
 B = Non-inter-level travel time spent in this place.
 C = Inter-level travel time spent in this place.
 D = Time resting spent in this place.
 E = Time spent auto-exploring this place.
 F = Levels seen in this place.
 G = Mean time per level.
                   A        B        C        D        E       F      G
               +--------+--------+--------+--------+--------+-----+--------+
         Total |  10336 |  10114 |    222 |    560 |   7948 |  11 |  939.6 |
       Dungeon |   9295 |   9073 |    222 |    478 |   7199 |   9 | 1032.8 |
        Temple |      1 |      1 |      0 |      0 |      0 |   1 |    1.0 |
       Ossuary |   1039 |   1039 |      0 |     82 |    749 |   1 | 1039.0 |
               +--------+--------+--------+--------+--------+-----+--------+

Top non-repeatable levels by time:
     D:5: 1546 daAuts
     D:8: 1372 daAuts
     D:2: 1214 daAuts
     D:1: 1175 daAuts
 Ossuary: 1039 daAuts
     D:6: 1036 daAuts
     D:7: 922 daAuts
     D:3: 888 daAuts
     D:4: 785 daAuts
     D:9: 354 daAuts
  Temple: 1 daAuts
